 Dungeon Crawl Stone Soup version 0.29-a0-813-g4a14ea37d6 (webtiles) character file.

Game seed: 13921335945774596279

1991 wilfster70 the Digger (level 9, -10/45 HPs)
             Began as a Gargoyle Earth Elementalist on July 4, 2022.
             Was an Initiate of Vehumet.
             Mangled by an ogre
             ... wielding a +0 giant club
              (21 damage)
             ... on level 6 of the Dungeon.
             The game lasted 00:15:01 (5613 turns).

wilfster70 the Digger (Gargoyle Earth Elementalist) Turns: 5613, Time: 00:15:01

Health: -10/45     AC: 13    Str: 12    XL:     9   Next: 21%
Magic:  16/19      EV: 11    Int: 20    God:    Vehumet [......]
Gold:   308        SH:  5    Dex: 10    Spells: 17/21 levels left

rFire   + . .      SeeInvis .   a - +2 long sword (holy)
rCold   + . .      Faith    .   u - +0 buckler
rNeg    + . .      Spirit   .   i - +1 robe
rPois   ∞          Reflect  .   o - +1 helmet
rElec   +          Harm     .   (no cloak)
rCorr   .          Rampage  .   j - +0 pair of gloves
Will    .....                   s - +0 pair of boots
Stlth   ++........              C - amulet of regeneration
HPRegen 0.95/turn               q - ring of protection from fire
MPRegen 0.16/turn               y - ring of protection from cold

@: no status effects
A: sickness immunity, AC +6, negative energy resistance 1, electricity
resistance, torment resistance 1, petrification resistance
a: Renounce Religion


You were on level 6 of the Dungeon.
You worshipped Vehumet.
Vehumet was noncommittal.
You visited 2 branches of the dungeon, and saw 7 of its levels.

You collected 308 gold pieces.

Inventory:

Hand Weapons
 a - a +2 long sword of holy wrath (weapon)
 b - a +0 sling
Missiles
 v - 19 poisoned darts
 x - 2 throwing nets
Armour
 i - a +1 robe (worn)
 j - a +0 pair of gloves (worn)
 o - a +1 helmet (worn)
 s - a +0 pair of boots (worn)
 u - a +0 buckler (worn)
Jewellery
 q - a ring of protection from fire (left hand)
 y - a ring of protection from cold (right hand)
 C - an amulet of regeneration (around neck)
Wands
 p - a wand of charming (13)
Scrolls
 l - 3 scrolls of enchant armour
 r - a scroll of identify
 z - 2 scrolls of amnesia
 B - a scroll of fear
Potions
 c - 2 potions of brilliance
 e - a potion of lignification
 f - 4 potions of flight
 g - a potion of degeneration {unknown}
 h - 3 potions of invisibility
 k - 2 potions of heal wounds
 m - a potion of magic
 t - 2 potions of mutation {unknown}
 w - a potion of attraction {unknown}
 A - a potion of curing {unknown}


   Skills:
 - Level 1.5 Dodging
 - Level 2.1 Stealth
 * Level 5.8 Shields
 + Level 6.7 Spellcasting
 - Level 6.0 Conjurations
 - Level 0.7 Transmutations
 - Level 7.2 Earth Magic


You had 17 spell levels left.
You knew the following spells:

 Your Spells              Type           Power      Damage    Failure   Level
a - Sandblast             Erth           70%        2d15      1%          1
b - Stone Arrow           Conj/Erth      66%        3d11      2%          3

Your spell library contained the following spells:

 Spells                   Type           Power      Damage    Failure   Level
 Shock                    Conj/Air       72%        1d7       3%          1
 Passwall                 Tmut/Erth      18%        N/A       3%          2
 Slow                     Hex            24%        N/A       12%         1
 Summon Small Mammal      Summ           24%        N/A       12%         1
 Petrify                  Tmut/Erth      22%        N/A       24%         4
 Call Canine Familiar     Summ           6%         N/A       36%         3
 Confusing Touch          Hex            6%         N/A       36%         3
 Summon Guardian Golem    Hex/Summ       6%         N/A       36%         3
 Swiftness                Air            6%         N/A       36%         3
 Vampiric Draining        Necr           6%         2d6       36%         3
 Airstrike                Air            3%         0-2+      77%         4


Dungeon Overview and Level Annotations

Branches:
Dungeon (6/15)             Temple (1/1) D:5

Altars:
Cheibriados
Dithmenos
Fedhas
Hepliaklqana
Kikubaaqudgha
Makhleb
Okawaru
Qazlal
Ru
Vehumet
Wu Jian
Xom
The Shining One

Annotations:
D:6 3 runed translucent doors, exclusion: 3 doors, hjaiej13's ghost, novice DrTm


Innate Abilities, Weirdness & Mutations

You are immune to sickness and miasma.
Your stone body is resilient. (AC +6)
You are immune to poison.
You resist negative energy. (rN+)
You are resistant to electric shocks. (rElec)
You are resistant to unholy torment.
You are immune to petrification.


Message History

Confirm with . or Enter, or press ? or * to list all spells.
Aiming: Sandblast (safe; 1% risk of failure)
Press: ? - help, Shift-Dir - straight line, f - orc wizard
Aim: an orc wizard, wielding a +0 dagger and wearing a +0 robe (77% to hit)
The blast of sand hits the orc wizard.
The orc wizard is moderately wounded.
The orc priest shouts!
The ogre shouts!
Casting: Sandblast (safe; 1% risk of failure)
Confirm with . or Enter, or press ? or * to list all spells.
Aiming: Sandblast (safe; 1% risk of failure)
Press: ? - help, Shift-Dir - straight line, f/p - orc wizard
Aim: an orc wizard, wielding a +0 dagger and wearing a +0 robe (moderately wounded, 77% to hit)
The blast of sand hits the orc wizard!
The orc wizard is almost dead.
The ogre hits you with a +0 giant club!
The orc wizard gestures at you while chanting.
The puff of flame misses you.
Casting: Sandblast (safe; 1% risk of failure)
Confirm with . or Enter, or press ? or * to list all spells.
Aiming: Sandblast (safe; 1% risk of failure)
Press: ? - help, Shift-Dir - straight line, f/p - orc wizard
Aim: an orc wizard, wielding a +0 dagger and wearing a +0 robe (almost dead, 77% to hit)
The blast of sand hits the orc wizard!
You kill the orc wizard!
Vehumet accepts your kill.
The orc priest hits you with a +0 hand axe.
The orc hits you but does no damage. The ogre hits you with a +0 giant club!
The orc hits you with a +0 flail. The orc priest barely misses you.
Casting: Sandblast (safe; 1% risk of failure)
Confirm with . or Enter, or press ? or * to list all spells.
Aiming: Sandblast (safe; 1% risk of failure)
Press: ? - help, Shift-Dir - straight line, f - ogre
Aim: an ogre, wielding a +0 giant club (91% to hit)
The blast of sand hits the ogre!
The ogre is moderately wounded.
The orc priest hits you with a +0 hand axe.
The orc hits you with a +0 flail.
* * * LOW HITPOINT WARNING * * *
The ogre hits you with a +0 giant club!!
You die...

##.# .#.. .... ..# .. ####..#
. ######.....##..
#####...##..O...... ## #
#...#...#..@o...... ...####
#...#......)o#..#...##......
##....#......# # ..<...##
#.†.§#........# .......
###..##........... ..###..##.
#.§.§.......>....# ..........
##§§§.§..........# #.........
#.≈≈§............. ##........
#≈≈§§≈..........(.##(........


You could see an ogre, an orc priest and an orc.

Vanquished Creatures
  Grinder (D:5)
  Sigmund (D:4)
  Edmund (D:6)
  2 sky beasts (D:6)
  A black bear (D:5)
  An ice beast (D:5)
  A centaur (D:6)
  A phantom (D:6)
  A bullfrog (D:6)
  A necrophage (D:5)
  2 scorpions
  3 howler monkeys
  2 hounds
  4 orc priests
  6 iguanas
  3 orc wizards
  3 gnolls (D:5)
  6 adders
  2 white imps
  2 ufetubi (D:4)
  3 worms (D:2)
  2 dart slugs
  15 orcs
  4 bats
  9 endoplasms
  6 giant cockroaches
  7 goblins
  8 hobgoblins
  8 kobolds
  2 quokkas
  5 ball pythons
  5 frilled lizards
  3 rats
121 creatures vanquished.

Vanquished Creatures (others)
  An orc priest (D:5)
  2 orcs (D:5)
3 creatures vanquished.

Grand Total: 124 creatures vanquished

Notes
Turn   | Place    | Note
-------+----------+-------------------------------------------
     0 | D:1      | wilfster70 the Gargoyle Earth Elementalist began the quest
                  | for the Orb.
     0 | D:1      | Reached XP level 1. HP: 10/10 MP: 3/3
   279 | D:1      | Reached skill level 4 in Earth Magic
   338 | D:1      | Reached XP level 2. HP: 15/15 MP: 3/5
  1150 | D:2      | Reached XP level 3. HP: 14/19 MP: 2/6
  1161 | D:2      | Learned a level 3 spell: Stone Arrow
  1620 | D:2      | Reached skill level 5 in Earth Magic
  1630 | D:2      | Reached skill level 1 in Conjurations
  1630 | D:2      | Reached XP level 4. HP: 24/24 MP: 3/7
  2333 | D:3      | Found a faded altar of an unknown god.
  2393 | D:3      | Reached XP level 5. HP: 28/28 MP: 7/9
  2933 | D:4      | Reached skill level 6 in Earth Magic
  2938 | D:4      | Found a shadowy altar of Dithmenos.
  3037 | D:3      | Reached XP level 6. HP: 28/32 MP: 7/10
  3254 | D:4      | Noticed Sigmund
  3263 | D:4      | Killed Sigmund
  3264 | D:4      | Reached skill level 7 in Earth Magic
  3264 | D:4      | Reached XP level 7. HP: 36/36 MP: 8/12
  3514 | D:5      | Entered Level 5 of the Dungeon
  4098 | D:5      | Noticed Grinder
  4105 | D:5      | Killed Grinder
  4106 | D:5      | Reached skill level 5 in Spellcasting
  4106 | D:5      | Reached skill level 5 in Conjurations
  4106 | D:5      | Reached XP level 8. HP: 41/41 MP: 4/16
  4487 | D:5      | Found a burning altar of Makhleb.
  4936 | D:5      | Found a staircase to the Ecumenical Temple.
  4945 | Temple   | Entered the Ecumenical Temple
  4985 | Temple   | Became a worshipper of Vehumet
  5189 | D:6      | Noticed Edmund
  5199 | D:6      | Killed Edmund
  5337 | D:6      | Found a runed translucent gate.
  5337 | D:6      | Found a runed translucent gate.
  5337 | D:6      | Found a runed translucent gate.
  5338 | D:6      | Noticed hjaiej13's ghost (novice DrTm)
  5347 | D:6      | Reached XP level 9. HP: 45/45 MP: 18/18
  5376 | D:6      | Reached skill level 5 in Shields
  5570 | D:6      | Found a snail-covered altar of Cheibriados.
  5613 | D:6      | Mangled by an ogre

Illustrated notes

Levels and vault maps discovered:
D:1:      dpeg_arrival_rooms_c, layout_loops_ring
D:2:      layout_loops_ring, st_stairs_10, kennysheep_generic_room_16
D:3:      layout_basic, shapermc_ecumenical_altar_mp_highgroup
D:4:      layout_rooms, kennysheep_mini, uniq_sigmund
D:5:      layout_loops_cross, lightli_temple_of_fire, lemuel_temple_firewalk_b,
          uniq_grinder
D:6:      layout_cave_pools, kennysheep_slug_shrine, biasface_ghost_orc_armoury,
          nicolae_benzene_ring, uniq_edmund
Temple:   nicolae_temple_elliptical

Skill      XL: |  1  2  3  4  5  6  7  8  9 |
---------------+----------------------------+-----
Earth Magic    | 4 5 6 7 |  7.2
Conjurations   | 1 2 3 5 6 |  6.0
Spellcasting   | 3 5 6 |  6.7
Shields        | 4 5 |  5.8
Dodging        | |  1.5
Stealth        | |  2.1
Transmutations | |  0.7

Action                   |  1- 3 |  4- 6 |  7- 9 || total
-------------------------+-------+-------+-------++-------
Melee: Unarmed           |     1 |       |       ||     1
       Long sword        |       |       |    11 ||    11
 Fire: Sling             |    21 |    74 |    23 ||   118
 Cast: Sandblast         |    50 |    43 |    71 ||   164
       Stone Arrow       |       |       |    22 ||    22
  Use: Scroll            |     5 |     6 |     2 ||    13
       Potion            |       |       |     2 ||     2
Armor: Robe              |    22 |    41 |    32 ||    95
Dodge: Dodged            |    24 |    62 |    44 ||   130
Block: Buckler           |       |     2 |     6 ||     8

Table legend: (Time is in decaauts)
 A = Elapsed time spent in this place.
 B = Non-inter-level travel time spent in this place.
 C = Inter-level travel time spent in this place.
 D = Time resting spent in this place.
 E = Time spent auto-exploring this place.
 F = Levels seen in this place.
 G = Mean time per level.
                   A        B        C        D        E       F      G
               +--------+--------+--------+--------+--------+-----+--------+
         Total |   5833 |   5678 |    155 |   1464 |   2377 |   7 |  833.3 |
       Dungeon |   5769 |   5637 |    132 |   1464 |   2377 |   6 |  961.5 |
        Temple |     63 |     40 |     23 |      0 |      0 |   1 |   63.0 |
               +--------+--------+--------+--------+--------+-----+--------+

Top non-repeatable levels by time:
     D:5: 1741 daAuts
     D:2: 1187 daAuts
     D:1: 1000 daAuts
     D:3: 748 daAuts
     D:4: 713 daAuts
     D:6: 378 daAuts
  Temple: 63 daAuts
